Description

This is an optimized build order from PiG's first Terran Bronze to GM series, the Platinum ranked Safe Terran MECH video. While he claims you can use it against all three races, I'd recommend this particular style of harass against Terran and Zerg.

We start with a basic 1 gas expand. You get 2 Marines, a Cyclone, and a Siege Tank for early defense before rushing for your BC. Then you go into Tank-Hellbat mech. It's a pretty easy build with some very low APM harass. It is relatively safe, but we are pushing for a 5 minute CC off a single Factory, so we're going to be cutting it close defensively against very aggressive openings.

If the in-game times look funky, I did this build on the Slower game speed in order to nail the build. Uploading the replay to SpawningTool automatically adjusted the timer. Regardless, the supply counts are correct.

VOD

https://youtu.be/2s8vSuhn2YA?t=4448

Replay - Safe BC Mech slow game speed version with correct supply counts

Build Order

Get SALT Encoding   

  12  0:00  SCV  
  13  0:12  SCV  
  14  0:17  Supply Depot  
  14  0:24  SCV  
  15  0:38  SCV  
  16  0:39  Barracks  
  16  0:44  Refinery  Then send 17th SCV to scout
  16  0:50  SCV  
  17  1:02  SCV  
  18  1:15  SCV  
  19  1:25  Marine  
  20  1:26  Orbital Command  
  20  1:45  Command Center  
  20  1:56  Factory  
  20  2:00  SCV  
  21  2:02  Marine  
  22  2:09  Refinery  
  22  2:12  SCV  
  23  2:17  Supply Depot  Delayed for faster Factory, Marine, and Refinery
  23  2:22  Barracks Tech Lab  Then swap the Factory onto the Tech Lab
  23  2:38  SCV  
  24  2:46  Cyclone  
  24  2:49  Starport  
  28  2:58  Orbital Command  
  29  3:08  Refinery  
  29  3:09  Marine  
  30  3:19  Siege Tank  @100%, swap the Starport onto the Tech Lab
  35  3:31  Supply Depot  
  36  3:38  Fusion Core  
  36  3:40  Marine  Last Marine
  39  3:59  Bunker, Barracks Reactor, Factory Tech Lab  
  41  4:03  Supply Depot  
  45  4:28  Battlecruiser  
  53  4:41  Siege Tank, Supply Depot  Second Tank can siege in the main
  58  4:57  Command Center  Make this in the main
  59  5:06  Refinery  
  60  5:13  Siege Tank  Continuous Tank production
  65  5:25  Factory  Build this on the first Tech Lab
  67  5:36  Factory  This will swap onto the Starport Reactor coming up
  67  5:37  Armory  
  67  5:40  Starport Reactor  
  69  5:50  Factory  Swap this onto the next Starport Reactor
  69  5:56  Factory x2  Both with tech labs
  72  6:09  Orbital Command  
  73  6:15  Engineering Bay  
  75  6:23  Factory Tech Lab  
  78  6:29  Hellion  Continuous Hellion production
  82  6:34  Factory Tech Lab  
  82  6:36  Refinery x2  And land 3rd CC on location
  87  6:47  Starport Reactor  
  87  6:48  Terran Vehicle Weapons Level 1  From here I just decide to pump units
  156  8:35  Command Center  You can take this sooner if you want
  167  8:54  Terran Vehicle And Ship Armor Level 1  
  167  8:55  Armory  @100% Research +2 Weapons
  173  9:05  Refinery x2  
  179  9:10  Factory x2  Once 4th base gets saturated you'll need more production
  187  9:29  Armory  
  190  9:31  Starport Reactor  
  190  9:37  Factory x2  I max out around here so I spent money on more Factories
  193  9:48  Orbital Command  
  198  10:00  Command Center  
  198  10:18  Starport Reactor  
  198  10:21  Factory Tech Lab x2  
Spawning Tool Build Advisor. Get it on Overwolf

Analysis

If you're having trouble with swapping around your addons, just remember that your first 6 Factories have 2 Reactors and 4 Tech Labs, with your Starport having an additional Reactor.

The 4 minute bunker timing is crucial in holding a lot of the early aggressive timing attacks, especially since you only get 4 Marines, 1 Cyclone, and 1 Siege Tank before your Factory production kicks in. Sometime around this 4 minute mark is when you can send your Cyclone to patrol the air-exposed edge of your main to catch drops.

Battlecruiser pops out at 5:32. While I'd recommend flying over to your opponent's base and hitting at the 6:20ish mark at their main, if you wanted to hit 45 seconds sooner and if your Fusion Core goes unscouted, feel free to scan in the main and hit at 5:35.


Against Terran, at a certain point after Platinum you're going to be running into standard Reaper-Hellion-Raven TvT.

A well timed build order from your opponent should have enough Raven energy to cast Interference Matrix on your BC, but you should still get a decent amount of work done with your harass, or at the very least get your opponent to stay at home and to build a few too many Missile Turrets.

And like any other TvT with a lot of Siege Tanks, you'll want to gain control of the skies.


Against Zerg, you can and probably should skip the early Cyclone and instead go straight for a Siege Tank. I've gotten away with not making a second Siege Tank against very greedy players, but with the number of early Roach timings players are using in the matchup, better to be safe than sorry. The only thing you'd want an early Cyclone for in this matchup is to combat Ravagers poking at your natural and at your main wall.

If do you scout your opponent going for early Roaches and if they're posturing a sub 45 Drone Roach Ravager Ling all in, it's better to pop out Banshees instead of the Battlecruiser.

Against Nydus rushes and other spooky early aggression, you'd be encouraged to delay the third CC and to more quickly get up your second and third Factory. 2 Tech Labs and constant Siege Tank production should help immensely and be a much much safer option if you choose to go that route.


Against Protoss, the BC harass can be relatively futile against the standard 2gate Blink build, since Blink and six Stalkers are finished over 30 seconds before the BC pops out. Still not the worst harass you could do, but expect the BC to serve as more of a distraction tactic than a means of economic damage.

Same as against Nydus worms, you may want to delay the third CC in order to better defend against your opponent Blinking into your main with 6 Stalkers just before your BC finishes. It shouldn't seem too too scary since you'll have your second Tank Sieged in the main, but 6 Blink Stalkers and an Observer can be really annoying before they get recalled back.

Once you scout your opponent's Robotics Bay, add in Liberators and/or Ravens to help deal with the Disruptors.

Go to:

Details

  • Created by: tveaux
  • Published on: Aug 23, 2023
  • Modified on: Aug 23, 2023
  • Patch: 5.0.11
  • Difficulty: Easy
Show
View Real Time Build Order
Export as new Build Order

Comments (0)

There are no comments. Be the first!

Create an account to comment!